PA
GALESBURG GUZZLERS @ CALDWELL CHIEFS
08/30/2042
 
TOP OF THE 1ST
Galesburg Guzzlers batting - Pitching for Caldwell Chiefs : RHP Donald Nexport
Pitching: RHP Donald Nexport
Batting: RHB Cheh Che 0-0: Called Strike
0-1: Ball
1-1: Ball
2-1: Called Strike
2-2: Ground out 4-3 (Groundball, 34, EV 96.2 MPH)
Batting: RHB Nathan Nelson 0-0: Foul Ball, location: 2F
0-1: Ball
1-1: Foul Ball, location: 2F
1-2: Ball
2-2: Foul Ball, location: 2F
2-2: Ground out 6-3 (Groundball, 6, EV 88.8 MPH)
Batting: LHB Luis Flores 0-0: Ball
1-0: Called Strike
1-1: Swinging Strike
1-2: Foul Ball, location: 2F
1-2: Ball
2-2: Foul Ball, location: 2F
2-2: Foul Ball, location: 2F
2-2: Strikes out swinging
Top of the 1st over - 0 runs, 0 hits, 0 errors, 0 left on base; Galesburg 0 - Caldwell 0
BOTTOM OF THE 1ST
Caldwell Chiefs batting - Pitching for Galesburg Guzzlers : RHP Christoffer Langvardt
Pitching: RHP Christoffer Langvardt
Batting: LHB Li-ping Lian 0-0: Swinging Strike
0-1: Ball
1-1: Ball
2-1: SINGLE (Groundball, 4MD, EV 99.4 MPH)
Batting: LHB Bob Holmes 0-0: Called Strike
0-1: DOUBLE (Flyball, 8RXD, EV 110.6 MPH)
Li-ping Lian to third
Li-ping Lian scores
Batting: LHB John Kersey 0-0: Ground out 4-3 (Groundball, 4, EV 83.1 MPH)
Bob Holmes to third
Batting: RHB Nick Davis 0-0: Called Strike
0-1: Ball
1-1: Called Strike
1-2: Strikes out swinging
Batting: RHB Gin-fan Chong 0-0: Called Strike
0-1: Ball
1-1: Ball
2-1: Foul Ball, location: 2F
2-2: Ball
3-2: Strikes out swinging
Bottom of the 1st over - 1 run, 2 hits, 0 errors, 1 left on base; Galesburg 0 - Caldwell 1
TOP OF THE 2ND
Galesburg Guzzlers batting - Pitching for Caldwell Chiefs : RHP Donald Nexport
Batting: RHB Walt Reed 0-0: Ball
1-0: Fly out, F9 (Flyball, 89XD, EV 87.5 MPH)
Batting: RHB Woody Marshall 0-0: Called Strike
0-1: Ball
1-1: Fly out, F5 (Popup, 5SF, EV 75.6 MPH)
Batting: LHB Paul Green 0-0: Called Strike
0-1: DOUBLE (Line Drive, 7LM, EV 111.9 MPH)
Batting: RHB Paul Kelly 0-0: Foul Ball, location: 2F
0-1: Ball
1-1: Foul Ball, location: 2F
1-2: Fly out, F3 (Popup, 34, EV 60.6 MPH)
Top of the 2nd over - 0 runs, 1 hit, 0 errors, 1 left on base; Galesburg 0 - Caldwell 1
BOTTOM OF THE 2ND
Caldwell Chiefs batting - Pitching for Galesburg Guzzlers : RHP Christoffer Langvardt
Batting: RHB Dan Babauta 0-0: Ball
1-0: Fly out, F7 (Flyball, 7S, EV 78.1 MPH)
Batting: RHB Kane Felton 0-0: Ball
1-0: Ball
2-0: Ground out 5-3 (Groundball, 56, EV 88.8 MPH)
Batting: LHB Dan Webb 0-0: Ball
1-0: Ball
2-0: Foul Ball, location: 2F
2-1: Ball
3-1: Called Strike
3-2: SINGLE (Flyball, 89M, EV 90.0 MPH)
Batting: RHB Clark Curtis 0-0: Called Strike
0-1: Called Strike
0-2: DOUBLE (Line Drive, 7LM, EV 112.5 MPH)
Dan Webb to third
Runner from 3rd tries for Home, SAFE, throw by LF to home
Batting: LHB Li-ping Lian 0-0: Ball
1-0: Ball
2-0: Ball
3-0: Called Strike
3-1: Base on Balls
Batting: LHB Bob Holmes 0-0: Fly out, F7 (Flyball, 78D, EV 101.9 MPH)
Bottom of the 2nd over - 1 run, 2 hits, 0 errors, 2 left on base; Galesburg 0 - Caldwell 2
TOP OF THE 3RD
Galesburg Guzzlers batting - Pitching for Caldwell Chiefs : RHP Donald Nexport
Batting: RHB George O'Rorke 0-0: Ball
1-0: Foul Ball, location: 2F
1-1: Ball
2-1: Ground out 6-3 (Groundball, 6, EV 79.4 MPH)
Batting: SHB Manuel Colón 0-0: Called Strike
0-1: Foul Ball, location: 2F
0-2: Ball
1-2: Ball
2-2: Ball
3-2: SINGLE (Groundball, 4MD, EV 100.0 MPH)
Batting: RHB Cheh Che 0-0: Foul Ball, location: 2F
0-1: Ball
1-1: Ball
2-1: Swinging Strike
2-2: Foul Ball, location: 2F
2-2: Fielders Choice at 2nd, 4-6 (Groundball, 4, EV 102.5 MPH)
Batting: RHB Nathan Nelson 0-0: Ball
Cheh Che is caught stealing 2nd base 2-4
Top of the 3rd over - 0 runs, 1 hit, 0 errors, 0 left on base; Galesburg 0 - Caldwell 2
BOTTOM OF THE 3RD
Caldwell Chiefs batting - Pitching for Galesburg Guzzlers : RHP Christoffer Langvardt
Batting: LHB John Kersey 0-0: Called Strike
0-1: Foul Ball, location: 2F
0-2: Ball
1-2: Strikes out looking
Batting: RHB Nick Davis 0-0: Called Strike
0-1: Ball
1-1: Called Strike
1-2: Foul Ball, location: 2F
1-2: Foul Ball, location: 2F
1-2: Ball
2-2: Ball
3-2: Strikes out looking
Batting: RHB Gin-fan Chong 0-0: Swinging Strike
0-1: Fly out, F4 (Popup, 4, EV 75.0 MPH)
Bottom of the 3rd over - 0 runs, 0 hits, 0 errors, 0 left on base; Galesburg 0 - Caldwell 2
TOP OF THE 4TH
Galesburg Guzzlers batting - Pitching for Caldwell Chiefs : RHP Donald Nexport
Batting: RHB Nathan Nelson 0-0: Called Strike
0-1: Called Strike
0-2: Ball
1-2: Fly out, F7 (Flyball, 7, EV 89.4 MPH)
Batting: LHB Luis Flores 0-0: Called Strike
0-1: Ball
1-1: Swinging Strike
1-2: Ball
2-2: SINGLE (Flyball, 9LS, EV 89.4 MPH)
Batting: RHB Walt Reed 0-0: Ball
1-0: Fielders Choice at 2nd, 6-4 (Groundball, 6, EV 87.5 MPH)
Batting: RHB Woody Marshall 0-0: Called Strike
0-1: Ball
1-1: Ball
2-1: Ground out 4-3 (Groundball, 34, EV 103.1 MPH)
Top of the 4th over - 0 runs, 1 hit, 0 errors, 1 left on base; Galesburg 0 - Caldwell 2
BOTTOM OF THE 4TH
Caldwell Chiefs batting - Pitching for Galesburg Guzzlers : RHP Christoffer Langvardt
Batting: RHB Dan Babauta 0-0: SINGLE (Groundball, 34D, EV 100.0 MPH)
Batting: RHB Kane Felton 0-0: Ball
1-0: Reached on error, E5 (Groundball, 5, EV 98.8 MPH)
Dan Babauta to second
Batting: LHB Dan Webb 0-0: Ball
1-0: Fly out, F5 (Popup, 56, EV 73.1 MPH)
Batting: RHB Clark Curtis 0-0: Called Strike
0-1: Foul Ball, location: 2F
0-2: Ball
1-2: Fielders Choice at 2nd, 1-4 (Groundball, P, EV 80.0 MPH)
Dan Babauta to third
Batting: LHB Li-ping Lian 0-0: Called Strike
0-1: Foul Ball, location: 2F
0-2: DOUBLE (Groundball, 3L, EV 106.9 MPH)
Dan Babauta scores
Clark Curtis to third
Batting: LHB Bob Holmes 0-0: Called Strike
0-1: Ball
1-1: Swinging Strike
1-2: Strikes out swinging
Bottom of the 4th over - 1 run, 2 hits, 1 error, 2 left on base; Galesburg 0 - Caldwell 3
TOP OF THE 5TH
Galesburg Guzzlers batting - Pitching for Caldwell Chiefs : RHP Donald Nexport
Batting: LHB Paul Green 0-0: Swinging Strike
0-1: Ball
1-1: Foul Ball, location: 2F
1-2: Foul Ball, location: 2F
1-2: Ball
2-2: Foul Ball, location: 2F
2-2: Strikes out swinging
Batting: RHB Paul Kelly 0-0: Called Strike
0-1: Called Strike
0-2: Ball
1-2: Ball
2-2: Strikes out swinging
Batting: RHB George O'Rorke 0-0: Ball
1-0: SINGLE (Line Drive, 89M, EV 106.9 MPH)
Batting: SHB Manuel Colón 0-0: Called Strike
0-1: Ball
1-1: Called Strike
1-2: Foul Ball, location: 2F
1-2: Ball
2-2: Ball
3-2: Base on Balls
George O'Rorke to second
Batting: RHB Cheh Che 0-0: Called Strike
0-1: Called Strike
0-2: Ball
1-2: Ball
2-2: Strikes out swinging
Top of the 5th over - 0 runs, 1 hit, 0 errors, 2 left on base; Galesburg 0 - Caldwell 3
BOTTOM OF THE 5TH
Caldwell Chiefs batting - Pitching for Galesburg Guzzlers : RHP Christoffer Langvardt
Batting: LHB John Kersey 0-0: Ball
1-0: Called Strike
1-1: Ball
2-1: Foul Ball, location: 2F
2-2: Strikes out swinging
Batting: RHB Nick Davis 0-0: Ball
1-0: Called Strike
1-1: Ground out 5-3 (Groundball, 56S, EV 71.2 MPH)
Batting: RHB Gin-fan Chong 0-0: Ball
1-0: Ball
2-0: Foul Ball, location: 2F
2-1: Reached via error on a dropped throw from 1B, E1 (Groundball, 34, EV 105.6 MPH)
Batting: RHB Dan Babauta 0-0: Ball
Gin-fan Chong steals 2nd base
1-0: Called Strike
1-1: Swinging Strike
1-2: Ball
2-2: Ball
3-2: Ground out 6-3 (Groundball, 6, EV 103.8 MPH)
Bottom of the 5th over - 0 runs, 0 hits, 1 error, 1 left on base; Galesburg 0 - Caldwell 3
TOP OF THE 6TH
Galesburg Guzzlers batting - Pitching for Caldwell Chiefs : RHP Donald Nexport
Batting: RHB Nathan Nelson 0-0: Foul Ball, location: 2F
0-1: Ball
1-1: Foul Ball, location: 2F
1-2: Ball
2-2: Foul Ball, location: 2F
2-2: Fly out, F8 (Flyball, 78M, EV 93.8 MPH)
Batting: LHB Luis Flores 0-0: Foul Ball, location: 2F
0-1: DOUBLE (Flyball, 89D, EV 105.6 MPH)
Pitching: RHP Stephen Johnson
Batting: RHB Walt Reed 0-0: Ball
1-0: Called Strike
1-1: Called Strike
1-2: Foul Ball, location: 2F
1-2: Ball
2-2: Strikes out swinging
Batting: RHB Woody Marshall 0-0: Fly out, F8 (Flyball, 89S, EV 95.6 MPH)
Top of the 6th over - 0 runs, 1 hit, 0 errors, 1 left on base; Galesburg 0 - Caldwell 3
BOTTOM OF THE 6TH
Caldwell Chiefs batting - Pitching for Galesburg Guzzlers : RHP Christoffer Langvardt
Pitching: RHP Daniel St. John
Batting: RHB Kane Felton 0-0: Called Strike
0-1: Ball
1-1: SINGLE (Groundball, 34D, EV 103.8 MPH)
Batting: LHB Dan Webb 0-0: Ball
1-0: Bunted foul
1-1: Bunt - Flyout to 3S! F3
Batting: RHB Clark Curtis 0-0: Ball
1-0: Ball
2-0: Called Strike
Kane Felton steals 2nd base
2-1: Foul Ball, location: 2F
2-2: Ground out 6-3 (Groundball, 6, EV 100.6 MPH)
Batting: LHB Li-ping Lian 0-0: Fly out, F9 (Flyball, 9S, EV 90.0 MPH)
Bottom of the 6th over - 0 runs, 1 hit, 0 errors, 1 left on base; Galesburg 0 - Caldwell 3
TOP OF THE 7TH
Galesburg Guzzlers batting - Pitching for Caldwell Chiefs : RHP Stephen Johnson
Batting: LHB Paul Green 0-0: Called Strike
0-1: Called Strike
0-2: Strikes out looking
Batting: RHB Paul Kelly 0-0: SINGLE (Flyball, 9LS, EV 90.0 MPH)
Batting: RHB George O'Rorke 0-0: Called Strike
0-1: Ball
1-1: Ball
2-1: Called Strike
2-2: Strikes out looking
Batting: SHB Manuel Colón 0-0: Ball
1-0: Foul Ball, location: 2F
1-1: Ball
2-1: Ball
3-1: SINGLE (Line Drive, 9S, EV 101.2 MPH)
Paul Kelly to second
Batting: RHB Cheh Che 0-0: Foul Ball, location: 2F
0-1: SINGLE (Line Drive, 9S, EV 91.2 MPH)
Paul Kelly to third
Manuel Colón to second
Runner from 3rd tries for Home, SAFE, throw by RF to home
Batting: RHB Nathan Nelson 0-0: Ball
1-0: Ball
2-0: Ball
3-0: Called Strike
3-1: Swinging Strike
3-2: SINGLE (Groundball, 34S, EV 65.0 MPH) (infield hit)
Manuel Colón to third
Cheh Che to second
Batting: LHB Luis Flores 0-0: Foul Ball, location: 2F
0-1: Ground out 1-3 (Groundball, 15S, EV 65.6 MPH)
Top of the 7th over - 1 run, 4 hits, 0 errors, 3 left on base; Galesburg 1 - Caldwell 3
BOTTOM OF THE 7TH
Caldwell Chiefs batting - Pitching for Galesburg Guzzlers : RHP Daniel St. John
Batting: LHB Bob Holmes 0-0: Called Strike
0-1: SINGLE (Groundball, 34, EV 108.1 MPH) (infield hit)
Pinch Runner at 1st Derrick Davis:
Batting: LHB John Kersey 0-0: Called Strike
0-1: Ball
1-1: Foul Ball, location: 2F
1-2: Foul Ball, location: 2F
1-2: Ball
2-2: Ball
3-2: Ground out 3-1 (Groundball, 3L, EV 85.6 MPH)
Derrick Davis to second
Batting: RHB Nick Davis 0-0: Foul Ball, location: 2F
0-1: Called Strike
0-2: SINGLE (Line Drive, 8LS, EV 98.8 MPH)
Derrick Davis to third
Batting: RHB Gin-fan Chong 0-0: Ball
1-0: Fly out, F9 (Flyball, 9S, EV 94.4 MPH)
Batting: RHB Dan Babauta 0-0: Called Strike
0-1: Ball
1-1: Called Strike
1-2: Fielders Choice at 2nd, 6-4 (Groundball, 56, EV 100.0 MPH)
Bottom of the 7th over - 0 runs, 2 hits, 0 errors, 2 left on base; Galesburg 1 - Caldwell 3
TOP OF THE 8TH
Galesburg Guzzlers batting - Pitching for Caldwell Chiefs : RHP Stephen Johnson
Now at 3B: Derrick Davis
Batting: RHB Walt Reed 0-0: Foul Ball, location: 2F
0-1: Swinging Strike
0-2: Foul Ball, location: 2F
0-2: Ball
1-2: Strikes out swinging
Batting: RHB Woody Marshall 0-0: Ball
1-0: Called Strike
1-1: Foul Ball, location: 2F
1-2: Strikes out looking
Batting: LHB Paul Green 0-0: Ball
1-0: Called Strike
1-1: Fly out, F8 (Flyball, 89D, EV 93.8 MPH)
Top of the 8th over - 0 runs, 0 hits, 0 errors, 0 left on base; Galesburg 1 - Caldwell 3
BOTTOM OF THE 8TH
Caldwell Chiefs batting - Pitching for Galesburg Guzzlers : RHP Daniel St. John
Batting: RHB Kane Felton 0-0: Ball
1-0: Ground out 4-3 (Groundball, 4, EV 80.0 MPH)
Batting: LHB Dan Webb 0-0: Foul Ball, location: 2F
0-1: Swinging Strike
0-2: Ball
1-2: SINGLE (Flyball, 7LS, EV 94.4 MPH)
Batting: RHB Clark Curtis 0-0: Swinging Strike
0-1: Ball
1-1: Ball
2-1: Fly out, F7 (Flyball, 7D, EV 98.8 MPH)
Batting: LHB Li-ping Lian 0-0: Ball
1-0: Fielders Choice at 2nd, 5-4 (Groundball, 5L, EV 90.0 MPH)
Bottom of the 8th over - 0 runs, 1 hit, 0 errors, 1 left on base; Galesburg 1 - Caldwell 3
TOP OF THE 9TH
Galesburg Guzzlers batting - Pitching for Caldwell Chiefs : RHP Stephen Johnson
Pitching: RHP Ari Schaller
Now at 1B: Tim Garner
Now in RF: Luis Miguel Monteblanco
Batting: RHB Paul Kelly 0-0: DOUBLE (Line Drive, 3D, EV 102.5 MPH)
Pinch Hitting: RHB Shadow Espinoza 0-0: Swinging Strike
0-1: Ground out 6-3 (Groundball, 6, EV 92.5 MPH)
Batting: SHB Manuel Colón 0-0: Foul Ball, location: 2F
0-1: Ball
1-1: Called Strike
1-2: SINGLE (Line Drive, 7LS, EV 89.4 MPH)
Paul Kelly to third
Batting: RHB Cheh Che 0-0: Ball
1-0: Fielders Choice at 2nd, 3-6 (Groundball, 34, EV 90.0 MPH)
Paul Kelly scores
Batting: RHB Nathan Nelson Pickoff Throw to First - Error! E1
Cheh Che to second
0-0: Ball
1-0: Foul Ball, location: 2F
1-1: Called Strike
1-2: Strikes out looking
Top of the 9th over - 1 run, 2 hits, 1 error, 1 left on base; Galesburg 2 - Caldwell 3
Friday, March 26th, 2021 - OOTP Baseball 20.8 Build 74